 Dungeon Crawl Stone Soup version 0.24-a0-537-g2d01d4ab0a (webtiles) character file.

Game seed: 13230559966444757200

14 DavidChitty2 the Shield-Bearer (level 2, 24/24 HPs)
             Began as a Formicid Fighter on Aug 12, 2019.
             Quit the game on level 1 of the Dungeon.
             The game lasted 00:00:58 (478 turns).

DavidChitty2 the Shield-Bearer (Formicid Fighter)    Turns: 478, Time: 00:00:59

Health: 24/24      AC:  9    Str: 20    XL:     2   Next: 55%
Magic:  2/2        EV:  5    Int:  7    God:
Gold:   0          SH:  9    Dex: 10    Spells: 1/1 levels left

rFire    . . .     SeeInvis +   a - +0 long sword
rCold    . . .     Gourm    .   c - +0 shield
rNeg     . . .     Faith    .   j - +0 chain mail
rPois    .         Spirit   .   (helmet unavailable)
rElec    .         Reflect  .   (no cloak)
rCorr    .         Harm     .   (no gloves)
MR       .....                  (no boots)
Stlth    ..........             (no amulet)
HPRegen  0.08/turn              i - ring of wizardry
MPRegen  0.08/turn              (no ring)

@: no status effects
A: permanent stasis, dig shafts and tunnels, four strong arms, antennae 3
a: Dig, Shaft Self


You were on level 1 of the Dungeon.
You were not hungry.

You visited 1 branch of the dungeon, and saw 1 of its levels.

Inventory:

Hand Weapons
 a - a +0 long sword (weapon)
Armour
 c - a +0 shield (worn)
 j - a +0 chain mail (worn)
   (You found it on level 1 of the Dungeon)
Jewellery
 i - a ring of wizardry (left hand)
   (You found it on level 1 of the Dungeon)
Scrolls
 h - a scroll of magic mapping {unknown}
Potions
 d - a potion of might
 f - a potion of ambrosia {unknown}
 g - a potion of lignification {unknown}
Comestibles
 e - 2 rations {!d}


   Skills:
 + Level 3.4 Fighting
 * Level 2.4 Long Blades
 + Level 3.4 Armour
 + Level 3.8 Shields


You had one spell level left.
You didn't know any spells.
Your spell library was empty.

Dungeon Overview and Level Annotations

Branches:
Dungeon (1/15)

Altars:


Innate Abilities, Weirdness & Mutations

You cannot be hasted, slowed, berserked, paralysed or teleported.
You can dig through walls and to a lower floor.
Your four strong arms can wield two-handed weapons with a shield.
You have a pair of large antennae on your head. (SInv)


Message History

The leopard gecko bites you but does no damage.
You block the leopard gecko's attack.
You miss the leopard gecko.
The leopard gecko bites you but does no damage.
Your shield and scale mail prevent you from hitting the leopard gecko.
The leopard gecko closely misses you.
The leopard gecko bites you but does no damage.
You barely miss the leopard gecko. The leopard gecko bites you.
You hit the leopard gecko but do no damage.
You block the leopard gecko's attack. x2
You miss the leopard gecko. The leopard gecko barely misses you.
You riposte.
You closely miss the leopard gecko. You hit the leopard gecko.
The leopard gecko bites you but does no damage. x2
You closely miss the leopard gecko.
The leopard gecko bites you but does no damage.
You block the leopard gecko's attack.
You closely miss the leopard gecko. The leopard gecko closely misses you.
You riposte.
You hit the leopard gecko but do no damage.
You miss the leopard gecko.
The leopard gecko bites you but does no damage. x2
You barely miss the leopard gecko.
The leopard gecko bites you but does no damage.
Your shield and scale mail prevent you from hitting the leopard gecko.
You block the leopard gecko's attack. The leopard gecko bites you.
You barely miss the leopard gecko. The leopard gecko bites you.
You block the leopard gecko's attack.
You closely miss the leopard gecko. The leopard gecko barely misses you.
You riposte.
You closely miss the leopard gecko. You miss the leopard gecko.
You block the leopard gecko's attack. The leopard gecko barely misses you.
You miss the leopard gecko. The leopard gecko barely misses you.
You riposte.
You slash the leopard gecko!
You kill the leopard gecko!
No target in view!
No target in view!
You see here a chain mail.
j - a chain mail Wear which item? (? for menu, Esc to quit)
You start removing your armour.
You continue taking off your +0 scale mail. x4
You finish taking off your +0 scale mail.
You start putting on your armour.
You continue putting on your chain mail. x5
You finish putting on your +0 chain mail.
Drop what? 10/52 slots (_ for help) (? for menu, Esc to quit)
You drop a +0 scale mail.
Unknown command.
You start resting.

#.#.######.....##
##.###................
#........######.....##
######.### #######
####.# ########
##....###### #.......
#........... #.......
#........... #.......
#...@....... #.......
##.######### #....)..
#.# #....... ###.####
######## #......#
#..........
#.......### #.......#
#.........


There were no monsters in sight!

Vanquished Creatures
  2 dart slugs (D:1)
  A leopard gecko (D:1)
  2 goblins (D:1)
  A hobgoblin (D:1)
  A frilled lizard (D:1)
  A kobold (D:1)
  A rat (D:1)
9 creatures vanquished.

Notes
Turn   | Place    | Note
-------+----------+-------------------------------------------
     0 | D:1      | DavidChitty2 the Formicid Fighter began the quest for the
                  | Orb.
     0 | D:1      | Reached XP level 1. HP: 18/18 MP: 1/1
    68 | D:1      | Reached XP level 2. HP: 13/24 MP: 2/2
   478 | D:1      | Quit the game

Levels and vault maps discovered:
D:1:      scummos_arrival_forest, layout_basic

Action                   || total
-------------------------++-------
Melee: Long sword        ||    34
Armor: Scale mail        ||    17
Dodge: Dodged            ||    10
Block: Shield            ||    16
       Rpst.: Long sword ||     5

Table legend:
 A = Non-vault XP
 B = Vault XP
 C = Vault XP percentage of total XP
 D = Non-vault monster count
 E = Vault monster count
 F = Vault count percentage of total count
                 A         B        C        D         E       F
            +---------+---------+-------+---------+---------+-------
      Total |      20 |       0 |   0.0 |       9 |       0 |   0.0
            +---------+---------+-------+---------+---------+-------
        D:1 |      20 |       0 |   0.0 |       9 |       0 |   0.0
            +---------+---------+-------+---------+---------+-------
